PL
CHICAGO GOLD SOX @ LOUISVILLE BC
09/03/2022
 
TOP OF THE 1ST
Chicago Gold Sox batting - Pitching for Louisville BC : RHP John Wilkins
Pitching: RHP John Wilkins
Batting: LHB Noel Ballard 0-0: Ball
1-0: Ball
2-0: Swinging Strike
2-1: Foul Ball, location: 2F
2-2: Ball
3-2: Strikes out looking
Batting: LHB Melvin Castro 0-0: Ball
1-0: Ball
2-0: Foul Ball, location: 2F
2-1: Ball
3-1: Base on Balls
Batting: LHB Michael Neely 0-0: Ball
1-0: Ball
2-0: Ball
3-0: Base on Balls
Melvin Castro to second
Batting: LHB Chris Gregory 0-0: Ball
1-0: Ball
2-0: Called Strike
2-1: Ball
3-1: Ground out 3-1 (Groundball, 34)
Melvin Castro to third
Michael Neely to second
Batting: LHB Michael Greene 0-0: Ball
1-0: Called Strike
1-1: Ball
2-1: Ground out 4-3 (Groundball, 4)
Top of the 1st over - 0 run(s), 0 hit(s), 0 error(s), 2 left on base; Chicago 0 - Louisville 0
BOTTOM OF THE 1ST
Louisville BC batting - Pitching for Chicago Gold Sox : RHP Raúl Areola
Pitching: RHP Raúl Areola
Batting: RHB Paul Houston 0-0: Called Strike
0-1: Swinging Strike
0-2: Ball
1-2: Ball
2-2: Ground out 5-3 (Groundball, 56)
Batting: RHB Keith Best 0-0: Bunted foul
0-1: Foul Ball, location: 2F
0-2: Strikes out swinging
Batting: RHB Andrés Rodríguez 0-0: Ball
1-0: Ball
2-0: Ground out 4-3 (Groundball, 4M)
Bottom of the 1st over - 0 run(s), 0 hit(s), 0 error(s), 0 left on base; Chicago 0 - Louisville 0
TOP OF THE 2ND
Chicago Gold Sox batting - Pitching for Louisville BC : RHP John Wilkins
Batting: RHB Tyrone Scott 0-0: Ball
1-0: Ball
2-0: Foul Ball, location: 2F
2-1: Fly out, F3 (Popup, 23F)
Batting: LHB Sam Good 0-0: Ball
1-0: Ball
2-0: Called Strike
2-1: Ball
3-1: Foul Ball, location: 2F
3-2: Fly out, F8 (Flyball, 8LS)
Batting: LHB Eddie Flynn 0-0: SINGLE (Line Drive, 34)
Batting: RHB David Edwards 0-0: Ball
1-0: Foul Ball, location: 2F
1-1: Foul Ball, location: 2F
1-2: Strikes out swinging
Top of the 2nd over - 0 run(s), 1 hit(s), 0 error(s), 1 left on base; Chicago 0 - Louisville 0
BOTTOM OF THE 2ND
Louisville BC batting - Pitching for Chicago Gold Sox : RHP Raúl Areola
Batting: LHB Tim Hargrove 0-0: Ball
1-0: Ground out 6-3 (Groundball, 6M)
Batting: RHB Chi-ju Zhang 0-0: Foul Ball, location: 2F
0-1: Ball
1-1: Ball
2-1: Swinging Strike
2-2: Strikes out swinging
Batting: RHB Luis Mendoza 0-0: Ball
1-0: Called Strike
1-1: Ball
2-1: Ball
3-1: Base on Balls
Batting: LHB Gregory Johnson 0-0: Ball
1-0: Foul Ball, location: 2F
1-1: Fly out, F9 (Flyball, 8RM)
Bottom of the 2nd over - 0 run(s), 0 hit(s), 0 error(s), 1 left on base; Chicago 0 - Louisville 0
TOP OF THE 3RD
Chicago Gold Sox batting - Pitching for Louisville BC : RHP John Wilkins
Batting: LHB Noel Ballard 0-0: Ball
1-0: Called Strike
1-1: Ground out 6-3 (Groundball, 6)
Batting: LHB Melvin Castro 0-0: Called Strike
0-1: Ball
1-1: Ball
2-1: SOLO HOME RUN (Flyball, 9D), Distance : 383 ft
Batting: LHB Michael Neely 0-0: Fly out, F7 (Popup, 78S)
Batting: LHB Chris Gregory 0-0: Ball
1-0: Ball
2-0: Called Strike
2-1: Foul Ball, location: 2F
2-2: Ground out 6-3 (Groundball, 6)
Top of the 3rd over - 1 run(s), 1 hit(s), 0 error(s), 0 left on base; Chicago 1 - Louisville 0
BOTTOM OF THE 3RD
Louisville BC batting - Pitching for Chicago Gold Sox : RHP Raúl Areola
Batting: RHB Kyle Bridges 0-0: Ball
1-0: Fly out, F7 (Popup, 78S)
Batting: RHB Roberto Guerrero 0-0: Called Strike
0-1: Ball
1-1: Called Strike
1-2: Ball
2-2: Ball
3-2: Ground out 3-1 (Groundball, 34)
Batting: RHB Paul Houston 0-0: Called Strike
0-1: Ball
1-1: Foul Ball, location: 2F
1-2: Ball
2-2: Strikes out looking
Bottom of the 3rd over - 0 run(s), 0 hit(s), 0 error(s), 0 left on base; Chicago 1 - Louisville 0
TOP OF THE 4TH
Chicago Gold Sox batting - Pitching for Louisville BC : RHP John Wilkins
Batting: LHB Michael Greene 0-0: Foul Ball, location: 2F
0-1: Ground out 4-3 (Groundball, 34)
Batting: RHB Tyrone Scott 0-0: Ball
1-0: Ball
2-0: Ball
3-0: Foul Ball, location: 2F
3-1: Base on Balls
Batting: LHB Sam Good 0-0: Ball
1-0: Fly out, F7 (Flyball, 78S)
Batting: LHB Eddie Flynn 0-0: Foul Ball, location: 2F
0-1: Ball
1-1: Swinging Strike
1-2: Foul Ball, location: 2F
1-2: Foul Ball, location: 2F
1-2: Ball
2-2: Foul Ball, location: 2F
2-2: Ball
3-2: Foul Ball, location: 2F
3-2: Strikes out swinging
Top of the 4th over - 0 run(s), 0 hit(s), 0 error(s), 1 left on base; Chicago 1 - Louisville 0
BOTTOM OF THE 4TH
Louisville BC batting - Pitching for Chicago Gold Sox : RHP Raúl Areola
Batting: RHB Keith Best 0-0: Called Strike
0-1: Ball
1-1: Called Strike
1-2: Ground out 4-3 (Groundball, 13)
Batting: RHB Andrés Rodríguez 0-0: Called Strike
0-1: Called Strike
0-2: Ball
1-2: Foul Ball, location: 2F
1-2: Ground out 6-3 (Groundball, 6)
Batting: LHB Tim Hargrove 0-0: Called Strike
0-1: Ball
1-1: SOLO HOME RUN (Line Drive, 9LD), Distance : 376 ft
Batting: RHB Chi-ju Zhang 0-0: Ball
1-0: Swinging Strike
1-1: SINGLE (Flyball, 8LS)
Batting: RHB Luis Mendoza 0-0: Called Strike
0-1: Swinging Strike
0-2: Ball
1-2: Ground out 5-3 (Groundball, 5S)
Bottom of the 4th over - 1 run(s), 2 hit(s), 0 error(s), 1 left on base; Chicago 1 - Louisville 1
TOP OF THE 5TH
Chicago Gold Sox batting - Pitching for Louisville BC : RHP John Wilkins
Batting: RHB David Edwards 0-0: Called Strike
0-1: Ball
1-1: Ball
2-1: Ground out 4-3 (Groundball, 13)
Batting: LHB Noel Ballard 0-0: Ball
1-0: Ball
2-0: Called Strike
2-1: SINGLE (Line Drive, 56D)
Batting: LHB Melvin Castro 0-0: Called Strike
0-1: Ball
Noel Ballard is caught stealing 2nd base
1-1: Foul Ball, location: 2F
1-2: Ground out 6-3 (Groundball, 4M)
Top of the 5th over - 0 run(s), 1 hit(s), 0 error(s), 0 left on base; Chicago 1 - Louisville 1
BOTTOM OF THE 5TH
Louisville BC batting - Pitching for Chicago Gold Sox : RHP Raúl Areola
Batting: LHB Gregory Johnson 0-0: Called Strike
0-1: Ball
1-1: SINGLE (Line Drive, 6MD)
Batting: RHB Kyle Bridges 0-0: Called Strike
0-1: Foul Ball, location: 2F
0-2: Grounds into double play, 6-4-3 (Groundball, 6)
Batting: RHB Roberto Guerrero 0-0: Foul Ball, location: 2F
0-1: Ground out 5-3 (Groundball, 56)
Bottom of the 5th over - 0 run(s), 1 hit(s), 0 error(s), 0 left on base; Chicago 1 - Louisville 1
TOP OF THE 6TH
Chicago Gold Sox batting - Pitching for Louisville BC : RHP John Wilkins
Batting: LHB Michael Neely 0-0: Called Strike
0-1: Ball
1-1: Swinging Strike
1-2: Foul Ball, location: 2F
1-2: Ball
2-2: Ball
3-2: Strikes out looking
Batting: LHB Chris Gregory 0-0: Ball
1-0: Ground out 3-1 (Groundball, 3L)
Batting: LHB Michael Greene 0-0: Called Strike
0-1: Foul Ball, location: 2F
0-2: Ball
1-2: Ball
2-2: Foul Ball, location: 2F
2-2: Strikes out swinging
Top of the 6th over - 0 run(s), 0 hit(s), 0 error(s), 0 left on base; Chicago 1 - Louisville 1
BOTTOM OF THE 6TH
Louisville BC batting - Pitching for Chicago Gold Sox : RHP Raúl Areola
Batting: RHB Paul Houston 0-0: Ground out 5-3 (Groundball, 5)
Batting: RHB Keith Best 0-0: Swinging Strike
0-1: Called Strike
0-2: Strikes out swinging
Batting: RHB Andrés Rodríguez 0-0: Ball
1-0: Ball
2-0: Fly out, F9 (Flyball, 9LS)
Bottom of the 6th over - 0 run(s), 0 hit(s), 0 error(s), 0 left on base; Chicago 1 - Louisville 1
TOP OF THE 7TH
Chicago Gold Sox batting - Pitching for Louisville BC : RHP John Wilkins
Batting: RHB Tyrone Scott 0-0: Called Strike
0-1: Called Strike
0-2: Ball
1-2: Ball
2-2: Ground out 5-3 (Groundball, 5)
Pitching: LHP Ronaldo Rey
Batting: LHB Sam Good 0-0: Foul Ball, location: 2F
0-1: Ball
1-1: Ball
2-1: Foul Ball, location: 2F
2-2: Foul Ball, location: 2F
2-2: Strikes out swinging
Batting: LHB Eddie Flynn 0-0: Called Strike
0-1: Foul Ball, location: 2F
0-2: Strikes out swinging
Top of the 7th over - 0 run(s), 0 hit(s), 0 error(s), 0 left on base; Chicago 1 - Louisville 1
BOTTOM OF THE 7TH
Louisville BC batting - Pitching for Chicago Gold Sox : RHP Raúl Areola
Batting: LHB Tim Hargrove 0-0: Swinging Strike
0-1: Called Strike
0-2: Ground out 6-3 (Groundball, 6)
Batting: RHB Chi-ju Zhang 0-0: Ball
1-0: Swinging Strike
1-1: Foul Ball, location: 2F
1-2: Foul Ball, location: 2F
1-2: Strikes out swinging
Batting: RHB Luis Mendoza 0-0: Called Strike
0-1: Foul Ball, location: 2F
0-2: SINGLE (Line Drive, 8LS)
Batting: LHB Gregory Johnson 0-0: Called Strike
0-1: SINGLE (Flyball, 89S)
Luis Mendoza to second
Runner from 2nd tries for 3rd, OUT!
Bottom of the 7th over - 0 run(s), 2 hit(s), 0 error(s), 1 left on base; Chicago 1 - Louisville 1
TOP OF THE 8TH
Chicago Gold Sox batting - Pitching for Louisville BC : LHP Ronaldo Rey
Batting: RHB David Edwards 0-0: Ball
1-0: Fly out, F7 (Flyball, 78XD)
Batting: LHB Noel Ballard 0-0: Ball
1-0: Swinging Strike
1-1: Foul Ball, location: 2F
1-2: Ground out 4-3 (Groundball, 34)
Batting: LHB Melvin Castro 0-0: Ball
1-0: Called Strike
1-1: Swinging Strike
1-2: Ball
2-2: Foul Ball, location: 2F
2-2: Strikes out looking
Top of the 8th over - 0 run(s), 0 hit(s), 0 error(s), 0 left on base; Chicago 1 - Louisville 1
BOTTOM OF THE 8TH
Louisville BC batting - Pitching for Chicago Gold Sox : RHP Raúl Areola
Batting: RHB Kyle Bridges 0-0: Ball
1-0: SINGLE (Line Drive, 6D)
Batting: RHB Roberto Guerrero 0-0: Ball
1-0: Called Strike
1-1: Foul Ball, location: 2F
1-2: Ball
Wild Pitch!
Kyle Bridges to second
2-2: Foul Ball, location: 2F
2-2: Ball
3-2: Fly out, F8 (Flyball, 8RM)
Pitching: RHP Augusto Dávila
Batting: RHB Paul Houston 0-0: Ball
1-0: Swinging Strike
1-1: Foul Ball, location: 2F
1-2: Ball
2-2: Ground out 6-3 (Groundball, 6M)
Kyle Bridges to third
Batting: RHB Keith Best 0-0: Called Strike
0-1: Ball
1-1: Swinging Strike
1-2: Reached on error, E6 (Groundball, 6)
Kyle Bridges scores
Batting: RHB Andrés Rodríguez 0-0: Called Strike
0-1: Foul Ball, location: 2F
0-2: Ball
1-2: Ground out 6-3 (Groundball, 6)
Bottom of the 8th over - 1 run(s), 1 hit(s), 1 error(s), 1 left on base; Chicago 1 - Louisville 2
TOP OF THE 9TH
Chicago Gold Sox batting - Pitching for Louisville BC : LHP Ronaldo Rey
Pitching: LHP Pat Farrell
Now at SS: Noriaki Okada
Batting: LHB Michael Neely 0-0: Ball
1-0: Called Strike
1-1: Swinging Strike
1-2: Fly out, F2 (Popup, 25F)
Batting: LHB Chris Gregory 0-0: Called Strike
0-1: Ball
1-1: SINGLE (Groundball, 6MD)
Pinch Hitting: RHB Rod Jones 0-0: Foul Ball, location: 2F
0-1: Ball
1-1: Foul Ball, location: 2F
1-2: Foul Ball, location: 2F
1-2: SINGLE (Line Drive, 4M)
Chris Gregory to second
Batting: RHB Tyrone Scott 0-0: Ball
1-0: Ball
2-0: Fly out, F3 (Popup, 3F)
Batting: LHB Sam Good 0-0: Ball
1-0: Called Strike
1-1: Called Strike
1-2: Strikes out swinging
Top of the 9th over - 0 run(s), 2 hit(s), 0 error(s), 2 left on base; Chicago 1 - Louisville 2
This league is powered by Out of the Park Baseball, the baseball management simulation game for PC, Mac and Linux
Friday, April 15th, 2016 - OOTP Baseball 16.9 Build 39